Kradschützen Motorcycle Team
Construct Light Support Kompanie
le.IG 18 Support Gun Team
Construct Panzerarmee Kommand
Selects Armored Support Battlegroup
Walking Stuka Rocket Launcher
Selects Stuka Anti-tank Loiter
Flak 36 Anti-tank Gun Team
Construct Mechanized Kompanie
Construct Mechanized Kompanie
Flak 36 Anti-tank Gun Team
Selects Flammpanzer III Medium Tank
Selects Battlefield Salvage
Flak 36 Anti-tank Gun Team